 Dungeon Crawl Stone Soup version 0.27-a0-899-ge2d0b17c59 (webtiles) character file.

Game seed: 5570925354441384515

2 mhtbhm the Shield-Bearer (level 1, -2/14 HPs)
             Began as a Gargoyle Fighter on Apr 5, 2021.
             Was a Follower of Cheibriados.
             Killed by Freeze
             ... generated by an endoplasm
              (5 damage)
             ... on level 2 of the Dungeon.
             The game lasted 00:00:10 (17 turns).

mhtbhm the Shield-Bearer (Gargoyle Fighter)           Turns: 17, Time: 00:00:11

Health: -2/14      AC:  9    Str: 21    XL:     1   Next: 40%
Magic:  1/1        EV:  7    Int: 10    God:    Cheibriados [*.....]
Gold:   0          SH:  9    Dex: 11    Spells: 0/0 levels left

rFire    . . .     SeeInvis .   a - +0 flail
rCold    . . .     Faith    .   c - +0 kite shield
rNeg     + . .     Spirit   .   b - +0 scale mail
rPois    ∞         Reflect  .   (no helmet)
rElec    +         Harm     .   (no cloak)
rCorr    .         Rampage  .   (no gloves)
Will     .....                  (no boots)
Stlth    ..........             (no amulet)
HPRegen  0.04/turn              (no ring)
MPRegen  0.07/turn              (no ring)

@: very slow
A: AC +2, negative energy resistance 1, electricity resistance, torment
resistance 1, unbreathing 1, petrification resistance
a: Renounce Religion, Bend Time


You were on level 2 of the Dungeon.
You worshipped Cheibriados.
Cheibriados was aware of your devotion.
You visited 1 branch of the dungeon, and saw 2 of its levels.

Inventory:

Hand Weapons
 a - a +0 flail (weapon)
Armour
 b - a +0 scale mail (worn)
 c - a +0 kite shield (worn)
Potions
 d - a potion of might


   Skills:
 + Level 3.3 Fighting
 + Level 2.0 Maces & Flails
 + Level 3.3 Armour
 + Level 3.3 Shields


You couldn't memorise any spells.
You didn't know any spells.
Your spell library was empty.

Dungeon Overview and Level Annotations

Branches:
Dungeon (1/15)

Altars:
Cheibriados


Innate Abilities, Weirdness & Mutations

Your stone body is resilient. (AC +2)
You are immune to poison.
You resist negative energy. (rN+)
You are resistant to electric shocks. (rElec)
You are resistant to unholy torment.
You can survive without breathing.
You are immune to petrification.


Message History

The frilled lizard bites you but does no damage.
You block the frilled lizard's attack.
Your shield and scale mail prevent you from hitting the frilled lizard.
The endoplasm hits you but does no damage.
You block the frilled lizard's attack. The endoplasm freezes you.
You are frozen.
You are too injured to fight recklessly!
You are too injured to fight recklessly!
You are too injured to fight recklessly!
You are too injured to fight recklessly!
You are too injured to fight recklessly!
You are too injured to fight recklessly!
You are too injured to fight recklessly!
You are too injured to fight recklessly!
You are too injured to fight recklessly!
You are too injured to fight recklessly!
You are too injured to fight recklessly!
You are too injured to fight recklessly!
You are too injured to fight recklessly!
You miss the frilled lizard. You block the frilled lizard's attack.
The endoplasm freezes you.
You are frozen.
The frilled lizard barely misses you.
You closely miss the frilled lizard. The endoplasm closely misses you.
The frilled lizard bites you.
* * * LOW HITPOINT WARNING * * *
The endoplasm jiggles.
The endoplasm freezes you.
You are frozen.
* * * LOW HITPOINT WARNING * * *
You barely miss the frilled lizard.
The frilled lizard bites you but does no damage.
The endoplasm hits you but does no damage.
You block the frilled lizard's attack.
You thump the frilled lizard!
You kill the frilled lizard!
Cheibriados appreciates the change of pace.
The endoplasm freezes you.
You are frozen.
You die...

##...... #......
...... #...$
#... #..# ##
########.J##.$.#
........@.......
.......)_#......
.........# .....
......)..# ##.#
.........# #
.........#
?........#
.........#
.........#


You could see an endoplasm.

Vanquished Creatures
  A goblin (D:2)
  A ball python (D:2)
  A frilled lizard (D:2)
  A kobold (D:2)
4 creatures vanquished.

Notes
Turn   | Place    | Note
-------+----------+-------------------------------------------
     0 | D:1      | mhtbhm the Gargoyle Fighter began the quest for the Orb.
     0 | D:1      | Reached XP level 1. HP: 14/14 MP: 1/1
     2 | D:1      | You fall into a shaft and drop 1 floor!
     2 | D:2      | Found a faded altar of an unknown god.
     5 | D:2      | Became a worshipper of Cheibriados the Contemplative
     5 | D:2      | Reached * piety under Cheibriados
    17 | D:2      | Killed from afar by an endoplasm

Illustrated notes

Levels and vault maps discovered:
D:1:      dpeg_arrival_pits, layout_basic
D:2:      layout_rooms, basic_ecumenical_altar

Action                   || total
-------------------------++-------
Melee: Flail             ||     9
Armor: Scale mail        ||     4
Dodge: Dodged            ||     2
Block: Kite shield       ||     5

Table legend: (Time is in decaauts)
 A = Elapsed time spent in this place.
 B = Non-inter-level travel time spent in this place.
 C = Inter-level travel time spent in this place.
 D = Time resting spent in this place.
 E = Time spent auto-exploring this place.
 F = Levels seen in this place.
 G = Mean time per level.
                   A        B        C        D        E       F      G
               +--------+--------+--------+--------+--------+-----+--------+
         Total |     22 |     22 |      0 |      0 |      2 |   2 |   11.0 |
       Dungeon |     22 |     22 |      0 |      0 |      2 |   2 |   11.0 |
               +--------+--------+--------+--------+--------+-----+--------+

Top non-repeatable levels by time:
     D:2: 20 daAuts
     D:1: 2 daAuts
